MLB
SEATTLE MARINERS @ NEW YORK YANKEES
08/05/2049
 
TOP OF THE 1ST
Seattle Mariners batting - Pitching for New York Yankees : LHP Zach Purvis
Pitching: LHP Zach Purvis
Batting: LHB Dae-ik Yoon 0-0: Ball
1-0: Called Strike
1-1: Ground out 3-1 (Groundball, 34, EV 82.5 MPH)
Batting: RHB Jose Vasquez 0-0: Called Strike
0-1: Foul Ball, location: 2F
0-2: Ball
1-2: Strikes out swinging
Batting: RHB Jimmy Hammertime 0-0: Called Strike
0-1: Ball
1-1: Swinging Strike
1-2: Ball
2-2: Ball
3-2: Strikes out swinging
Top of the 1st over - 0 runs, 0 hits, 0 errors, 0 left on base; Seattle 0 - New York 0
BOTTOM OF THE 1ST
New York Yankees batting - Pitching for Seattle Mariners : RHP Tom Graham
Pitching: RHP Tom Graham
Batting: RHB Russ Shambaugh 0-0: Foul Ball, location: 2F
0-1: Ball
1-1: Swinging Strike
1-2: Foul Ball, location: 2F
1-2: SINGLE (Line Drive, 56, EV 105.0 MPH)
Batting: RHB Jeckel Hester 0-0: Ball
1-0: Called Strike
1-1: Called Strike
1-2: Ball
2-2: Foul Ball, location: 2F
2-2: Foul Ball, location: 2F
2-2: Strikes out swinging
Batting: SHB Bartholomeu Chambino 0-0: Ball
1-0: Foul Ball, location: 2F
1-1: Reached on error, E3 (Groundball, 3L, EV 96.2 MPH)
Russ Shambaugh to second
Batting: SHB Gus Berry 0-0: Swinging Strike
0-1: Called Strike
0-2: Ball
1-2: Ball
2-2: SINGLE (Groundball, 56, EV 108.1 MPH)
Russ Shambaugh to third
Bartholomeu Chambino to second
Runner from 3rd tries for Home, SAFE, throw by LF to home
Batting: RHB Adriaan Pieters 0-0: Ball
1-0: Called Strike
1-1: Ball
2-1: Ball
3-1: Base on Balls
Bartholomeu Chambino to third
Gus Berry to second
Batting: SHB Mukhtar Wa'il 0-0: SINGLE (Line Drive, 6D, EV 98.1 MPH)
Bartholomeu Chambino scores
Gus Berry to third
Adriaan Pieters to second
Batting: RHB Shiro Suehiro 0-0: Ball
1-0: Ball
2-0: Called Strike
2-1: Foul Ball, location: 2F
2-2: SINGLE (Line Drive, 7S, EV 105.0 MPH)
Gus Berry scores
Adriaan Pieters to third
Mukhtar Wa'il to second
Batting: RHB Ryan Neal 0-0: Ball
1-0: Called Strike
1-1: Fielders Choice at 2nd, 4-6 (Groundball, 4M, EV 107.5 MPH)
Adriaan Pieters scores
Mukhtar Wa'il to third
Batting: LHB Dan Morris 0-0: Ball
1-0: Ball
2-0: Ball
3-0: Swinging Strike
3-1: Called Strike
3-2: Foul Ball, location: 2F
3-2: Strikes out looking
Bottom of the 1st over - 4 runs, 4 hits, 1 error, 2 left on base; Seattle 0 - New York 4
TOP OF THE 2ND
Seattle Mariners batting - Pitching for New York Yankees : LHP Zach Purvis
Batting: RHB Harutomi Matsubara 0-0: Ball
1-0: Ball
2-0: Called Strike
2-1: Ball
3-1: Called Strike
3-2: Foul Ball, location: 2F
3-2: Strikes out swinging
Batting: RHB Pavpv Ivanushkin 0-0: Ball
1-0: Ball
2-0: Foul Ball, location: 2F
2-1: Ball
3-1: SINGLE (Groundball, 34S, EV 96.2 MPH)
Batting: RHB Tony Vargas 0-0: Ball
1-0: Ball
2-0: Hit by Pitch
Pavpv Ivanushkin to second
Batting: LHB Jerrod Cluck 0-0: Called Strike
0-1: Foul Ball, location: 2F
0-2: Ball
1-2: Strikes out swinging
Batting: LHB Tommy Luce 0-0: Called Strike
0-1: Called Strike
0-2: Ball
1-2: Ball
2-2: 3-RUN HOME RUN (Flyball, 9D, EV 98.1 MPH), Distance : 377 ft
Batting: RHB Rick Ellis 0-0: Ball
1-0: Foul Ball, location: 2F
1-1: Ball
2-1: Ball
3-1: Base on Balls
Batting: LHB Dae-ik Yoon 0-0: Called Strike
0-1: Swinging Strike
0-2: Fielders Choice at 2nd, 5-4 (Groundball, 56, EV 85.0 MPH)
Top of the 2nd over - 3 runs, 2 hits, 0 errors, 1 left on base; Seattle 3 - New York 4
BOTTOM OF THE 2ND
New York Yankees batting - Pitching for Seattle Mariners : RHP Tom Graham
Batting: RHB Russ Shambaugh 0-0: Ball
1-0: Foul Ball, location: 2F
1-1: Foul Ball, location: 2F
1-2: Ball
2-2: Foul Ball, location: 2F
2-2: Strikes out looking
Batting: RHB Jeckel Hester 0-0: Ball
1-0: Foul Ball, location: 2F
1-1: Fly out, F7 (Flyball, 78D, EV 96.9 MPH)
Batting: SHB Bartholomeu Chambino 0-0: Foul Ball, location: 2F
0-1: Ball
1-1: Ball
2-1: Foul Ball, location: 2F
2-2: Foul Ball, location: 2F
2-2: Ground out 4-3 (Groundball, 4, EV 102.5 MPH)
Bottom of the 2nd over - 0 runs, 0 hits, 0 errors, 0 left on base; Seattle 3 - New York 4
TOP OF THE 3RD
Seattle Mariners batting - Pitching for New York Yankees : LHP Zach Purvis
Batting: RHB Jose Vasquez 0-0: Ball
1-0: Swinging Strike
1-1: Foul Ball, location: 2F
1-2: Ball
2-2: Foul Ball, location: 2F
2-2: Ball
3-2: Base on Balls
Batting: RHB Jimmy Hammertime 0-0: Foul Ball, location: 2F
0-1: Ball
1-1: Foul Ball, location: 2F
1-2: Strikes out swinging
Batting: RHB Harutomi Matsubara 0-0: Ball
1-0: Foul Ball, location: 2F
1-1: Ball
2-1: Fielders Choice at 2nd, 1-6 (Groundball, 13S, EV 70.0 MPH)
Batting: RHB Pavpv Ivanushkin 0-0: Foul Ball, location: 2F
0-1: Foul Ball, location: 2F
0-2: Ball
1-2: Strikes out swinging
Top of the 3rd over - 0 runs, 0 hits, 0 errors, 1 left on base; Seattle 3 - New York 4
BOTTOM OF THE 3RD
New York Yankees batting - Pitching for Seattle Mariners : RHP Tom Graham
Batting: SHB Gus Berry 0-0: Ball
1-0: Swinging Strike
1-1: SOLO HOME RUN (Flyball, 7D, EV 106.9 MPH), Distance : 401 ft
Batting: RHB Adriaan Pieters 0-0: Called Strike
0-1: Ball
1-1: Ball
2-1: Fly out, F9 (Line Drive, 89D, EV 95.6 MPH)
Batting: SHB Mukhtar Wa'il 0-0: Called Strike
0-1: Called Strike
0-2: Ground out U3 (Groundball, 3L, EV 104.4 MPH)
Batting: RHB Shiro Suehiro 0-0: Called Strike
0-1: Foul Ball, location: 2F
0-2: Ball
1-2: Ball
2-2: Ball
3-2: Strikes out looking
Bottom of the 3rd over - 1 run, 1 hit, 0 errors, 0 left on base; Seattle 3 - New York 5
TOP OF THE 4TH
Seattle Mariners batting - Pitching for New York Yankees : LHP Zach Purvis
Batting: RHB Tony Vargas 0-0: Ball
1-0: Ball
2-0: Called Strike
2-1: Ball
3-1: Ground out 5-3 (Groundball, 56S, EV 86.9 MPH)
Batting: LHB Jerrod Cluck 0-0: Called Strike
0-1: SOLO HOME RUN (Flyball, 9D, EV 99.4 MPH), Distance : 402 ft
Batting: LHB Tommy Luce 0-0: SINGLE (Groundball, 34, EV 98.8 MPH)
Batting: RHB Rick Ellis 0-0: Called Strike
0-1: SINGLE (Flyball, 89S, EV 98.1 MPH)
Tommy Luce to second
Runner from 2nd tries for 3rd, SAFE, throw by CF made to third
Batting: LHB Dae-ik Yoon 0-0: Foul Ball, location: 2F
0-1: Ball
1-1: Fielders Choice at 2nd, 3-6 (Groundball, 3, EV 83.1 MPH)
Tommy Luce scores
Batting: RHB Jose Vasquez 0-0: Ball
1-0: Called Strike
1-1: Foul Ball, location: 2F
1-2: Ball
2-2: Strikes out swinging
Top of the 4th over - 2 runs, 3 hits, 0 errors, 1 left on base; Seattle 5 - New York 5
BOTTOM OF THE 4TH
New York Yankees batting - Pitching for Seattle Mariners : RHP Tom Graham
Pitching: RHP Willie Sanchez
Batting: RHB Ryan Neal 0-0: SINGLE (Groundball, 6MD, EV 100.0 MPH)
Batting: LHB Dan Morris 0-0: Called Strike
0-1: Swinging Strike
0-2: Strikes out swinging
Batting: RHB Russ Shambaugh 0-0: Ball
1-0: Ball
2-0: Fly out, F7 (Line Drive, 7LM, EV 94.4 MPH)
Batting: RHB Jeckel Hester 0-0: Ball
1-0: Ball
2-0: Fielders Choice at 2nd, 6-4 (Groundball, 6, EV 90.6 MPH)
Bottom of the 4th over - 0 runs, 1 hit, 0 errors, 1 left on base; Seattle 5 - New York 5
TOP OF THE 5TH
Seattle Mariners batting - Pitching for New York Yankees : LHP Zach Purvis
Batting: RHB Jimmy Hammertime 0-0: Called Strike
0-1: Ball
1-1: Ball
2-1: Swinging Strike
2-2: Strikes out swinging
Batting: RHB Harutomi Matsubara 0-0: Ball
1-0: Fly out, F8 (Flyball, 78M, EV 78.1 MPH)
Batting: RHB Pavpv Ivanushkin 0-0: Ball
1-0: Ball
2-0: Called Strike
2-1: Foul Ball, location: 2F
2-2: Strikes out swinging
Top of the 5th over - 0 runs, 0 hits, 0 errors, 0 left on base; Seattle 5 - New York 5
BOTTOM OF THE 5TH
New York Yankees batting - Pitching for Seattle Mariners : RHP Willie Sanchez
Batting: SHB Bartholomeu Chambino 0-0: Ball
1-0: Swinging Strike
1-1: Ball
2-1: Ball
3-1: Base on Balls
Batting: SHB Gus Berry 0-0: Called Strike
0-1: Called Strike
0-2: Ball
Wild Pitch!
Bartholomeu Chambino to second
1-2: Ground out 4-3 (Groundball, 4D, EV 87.5 MPH)
Bartholomeu Chambino to third
Batting: RHB Adriaan Pieters 0-0: Fly out, F7 (Flyball, 78XD, EV 105.0 MPH)
Runner from 3rd tags up, SCORES, no throw by LF
Batting: SHB Mukhtar Wa'il 0-0: Ball
1-0: Called Strike
1-1: Foul Ball, location: 2F
1-2: Strikes out swinging
Bottom of the 5th over - 1 run, 0 hits, 0 errors, 0 left on base; Seattle 5 - New York 6
TOP OF THE 6TH
Seattle Mariners batting - Pitching for New York Yankees : LHP Zach Purvis
Pitching: LHP Robert Cruz
Batting: RHB Tony Vargas 0-0: Called Strike
0-1: Foul Ball, location: 2F
0-2: Foul Ball, location: 2F
0-2: Strikes out looking
Batting: LHB Jerrod Cluck 0-0: DOUBLE (Groundball, 3L, EV 105.0 MPH)
Batting: LHB Tommy Luce 0-0: Called Strike
0-1: Swinging Strike
0-2: DOUBLE (Flyball, 8LXD, EV 80.6 MPH)
Jerrod Cluck scores
Batting: RHB Rick Ellis 0-0: Ball
1-0: Ball
2-0: Called Strike
2-1: SINGLE (Line Drive, 9LS, EV 90.0 MPH)
Tommy Luce to third
Runner from 3rd tries for Home, SAFE, throw by RF to home
Batting: LHB Dae-ik Yoon 0-0: Called Strike
Rick Ellis is caught stealing 2nd base 2-6
0-1: Called Strike
0-2: Ground out 5-3 (Groundball, 5, EV 90.0 MPH)
Top of the 6th over - 2 runs, 3 hits, 0 errors, 0 left on base; Seattle 7 - New York 6
BOTTOM OF THE 6TH
New York Yankees batting - Pitching for Seattle Mariners : RHP Willie Sanchez
Batting: RHB Shiro Suehiro 0-0: Ball
1-0: Fly out, F4 (Popup, 34S, EV 81.9 MPH)
Batting: RHB Ryan Neal 0-0: Ball
1-0: Swinging Strike
1-1: SINGLE (Groundball, 4MD, EV 96.9 MPH)
Batting: LHB Dan Morris 0-0: Ball
Ryan Neal steals 2nd base
1-0: Ball
2-0: Ball
3-0: Base on Balls
Batting: RHB Russ Shambaugh 0-0: Grounds into double play, 6-4-3 (Groundball, 6, EV 105.6 MPH)
Bottom of the 6th over - 0 runs, 1 hit, 0 errors, 1 left on base; Seattle 7 - New York 6
TOP OF THE 7TH
Seattle Mariners batting - Pitching for New York Yankees : LHP Robert Cruz
Batting: RHB Jose Vasquez 0-0: Ball
1-0: Called Strike
1-1: Ball
2-1: Called Strike
2-2: Strikes out looking
Batting: RHB Jimmy Hammertime 0-0: Ball
1-0: Ground out 5-3 (Groundball, 56, EV 84.4 MPH)
Batting: RHB Harutomi Matsubara 0-0: Ball
1-0: Ball
2-0: Ground out 4-3 (Groundball, 4, EV 88.1 MPH)
Top of the 7th over - 0 runs, 0 hits, 0 errors, 0 left on base; Seattle 7 - New York 6
BOTTOM OF THE 7TH
New York Yankees batting - Pitching for Seattle Mariners : RHP Willie Sanchez
Pitching: RHP Aidan Martin
Now at 2B: Malik Brookshire
Now at 3B: Rick Ellis
Batting: RHB Jeckel Hester 0-0: Ground out 5-3 (Groundball, 5, EV 108.1 MPH)
Batting: SHB Bartholomeu Chambino 0-0: Called Strike
0-1: Called Strike
0-2: Ball
1-2: Strikes out looking
Batting: SHB Gus Berry 0-0: Foul Ball, location: 2F
0-1: Ball
1-1: Ball
2-1: Foul Ball, location: 2F
2-2: Strikes out swinging
Bottom of the 7th over - 0 runs, 0 hits, 0 errors, 0 left on base; Seattle 7 - New York 6
TOP OF THE 8TH
Seattle Mariners batting - Pitching for New York Yankees : LHP Robert Cruz
Pitching: LHP Julio Gonzalez
Batting: RHB Pavpv Ivanushkin 0-0: Called Strike
0-1: Foul Ball, location: 2F
0-2: Strikes out looking
Batting: RHB Tony Vargas 0-0: Ball
1-0: Called Strike
1-1: Swinging Strike
1-2: Strikes out swinging
Batting: LHB Jerrod Cluck 0-0: Ground out 5-3 (Groundball, 56, EV 105.0 MPH)
Top of the 8th over - 0 runs, 0 hits, 0 errors, 0 left on base; Seattle 7 - New York 6
BOTTOM OF THE 8TH
New York Yankees batting - Pitching for Seattle Mariners : RHP Aidan Martin
Batting: RHB Adriaan Pieters 0-0: Called Strike
0-1: Foul Ball, location: 2F
0-2: Ball
1-2: Ball
2-2: Ground out U3 (Groundball, 3S, EV 69.4 MPH)
Batting: SHB Mukhtar Wa'il 0-0: Ball
1-0: Called Strike
1-1: Swinging Strike
1-2: Ground out 6-3 (Groundball, 6M, EV 98.8 MPH)
Batting: RHB Shiro Suehiro 0-0: Called Strike
0-1: Ball
1-1: Ball
2-1: Ball
3-1: Swinging Strike
3-2: Foul Ball, location: 2F
3-2: DOUBLE (Flyball, 8LXD, EV 91.9 MPH)
Batting: RHB Ryan Neal 0-0: Ball
1-0: Called Strike
1-1: Foul Ball, location: 2F
1-2: Hit by Pitch
Pitching: LHP Greg Burngooch
Batting: LHB Dan Morris 0-0: Called Strike
0-1: Fielders Choice at 2nd, 6-4 (Groundball, 6, EV 102.5 MPH)
Bottom of the 8th over - 0 runs, 1 hit, 0 errors, 2 left on base; Seattle 7 - New York 6
TOP OF THE 9TH
Seattle Mariners batting - Pitching for New York Yankees : LHP Julio Gonzalez
Batting: LHB Tommy Luce 0-0: Ball
1-0: Ball
2-0: Ground out U3 (Groundball, 34S, EV 91.2 MPH)
Batting: RHB Rick Ellis 0-0: Called Strike
0-1: Swinging Strike
0-2: Strikes out swinging
Batting: LHB Dae-ik Yoon 0-0: Ball
1-0: Called Strike
1-1: Ball
2-1: Ground out 5-3 (Groundball, 56S, EV 88.8 MPH)
Top of the 9th over - 0 runs, 0 hits, 0 errors, 0 left on base; Seattle 7 - New York 6
BOTTOM OF THE 9TH
New York Yankees batting - Pitching for Seattle Mariners : LHP Greg Burngooch
Pitching: RHP Justin Lee
Batting: RHB Russ Shambaugh 0-0: Foul Ball, location: 2F
0-1: Foul Ball, location: 2F
0-2: Foul Ball, location: 2F
0-2: Ball
1-2: Strikes out swinging
Batting: RHB Jeckel Hester 0-0: Ground out 6-3 (Groundball, 6, EV 84.4 MPH)
Batting: SHB Bartholomeu Chambino 0-0: Called Strike
0-1: Foul Ball, location: 2F
0-2: Foul Ball, location: 2F
0-2: Ball
1-2: Ball
2-2: Ground out 6-3 (Groundball, 6, EV 84.4 MPH)
Bottom of the 9th over - 0 runs, 0 hits, 0 errors, 0 left on base; Seattle 7 - New York 6
Sunday, July 16th , 2023 - OOTP Baseball 24.6 Build 69